 Dungeon Crawl Stone Soup version 0.29-a0-575-g0dc89cf053 (webtiles) character file.

Game seed: 3094793315303287586

204 spaghetti the Chopper (level 5, -3/41 HPs)
             Began as a Mummy Berserker on June 13, 2022.
             Was a Believer of Trog.
             Slain by Crazy Yiuf
             ... wielding a +2 quarterstaff of chaos
              (9 damage)
             ... on level 2 of the Dungeon.
             The game lasted 00:01:50 (1772 turns).

spaghetti the Chopper (Mummy Berserker)             Turns: 1772, Time: 00:01:51

Health: -3/41      AC:  2    Str: 22    XL:     5   Next: 52%
Magic:  5/5        EV: 12    Int:  6    God:    Trog [**....]
Gold:   100        SH:  0    Dex: 12    Spells: 4/4 levels left

rFire   x . .      SeeInvis .   a - +0 hand axe {axe}
rCold   + . .      Faith    .   (no shield)
rNeg    + + +      Spirit   .   b - +0 animal skin
rPois   ∞          Reflect  .   (no helmet)
rElec   .          Harm     .   (no cloak)
rCorr   .          Rampage  .   (no gloves)
Will    ++...                   (no boots)
Stlth   +.........              (no amulet)
HPRegen 1.13/turn               (no ring)
MPRegen 0.09/turn               (no ring)

@: strong-willed, regenerating
A: cold resistance 1, negative energy resistance 3, torment resistance 2, heat
vulnerability 1, in touch with death 1, no potions
a: Renounce Religion, Trog's Hand


You were on level 2 of the Dungeon.
You worshipped Trog.
Trog was pleased with you.
You visited 1 branch of the dungeon, and saw 2 of its levels.

You collected 100 gold pieces.


Innate Abilities, Weirdness & Mutations

You are immune to poison.
Your flesh is cold resistant. (rC+)
You are immune to negative energy. (rN+++)
You are immune to unholy pain and torment.
You are vulnerable to heat. (rF-)
You are in touch with the powers of death.
You do not drink.


   Skills:
 - Level 3.0 Fighting
 + Level 5.2 Axes
 - Level 1.5 Armour
 - Level 1.5 Dodging


You had 4 spell levels left.
You didn't know any spells.
Your spell library contained the following spells:

 Spells                   Type           Power      Damage    Failure   Level
 Shock                    Conj/Air       0%         1d3       45%         1
 Swiftness                Air            0%         N/A       83%         3
 Airstrike                Air            0%         N/A       99%         4

Inventory:

Hand Weapons
 a - a +0 hand axe (weapon) {axe}
Missiles
 e - 30 stones (quivered) {throwing}
Armour
 b - a +0 animal skin (worn)
Wands
 j - a wand of acid (5)
   (You found it on level 2 of the Dungeon)
Scrolls
 c - a scroll of magic mapping {unknown}
 d - a scroll of silence {unknown}
 f - a scroll of amnesia {unknown}
 g - a scroll of teleportation {unknown}
 h - 2 scrolls of identify {unknown}
 i - a scroll of immolation {unknown}
 k - 2 scrolls of fear {unknown}
 l - a scroll of enchant armour {unknown}

Dungeon Overview and Level Annotations

Branches:
Dungeon (2/15)

Altars:

Annotations:
D:2 Crazy Yiuf

..##.......###....#
......##...# #'..+#
.......##..# ♣....♣
#..........# ♣...♣♣
#.#........# ♣♣.♣♣
..##.......# ♣.♣♣
.###.......# ♣♣.♣
##...###...# ♣.♣♣
##.#####...# ♣♣@♣
##.#...##..# #g#
........##.# ...
.........### #...#
..........## #..)#
...........# #####
........#### ###
#........#
########.#
##.......#
#........#


You could see Crazy Yiuf.


Message History

Trog accepts your kill.
Trog appreciates your killing of a magic user.
Reactivating autopickup.
You feel a bit more experienced.
Your Axes skill gained 2 levels and is now at level 5!
You have reached level 4!
You have reached level 5!
You feel agile. 😮 HP[+7] MP[+2]
You now have 41 max hp (+12).
You regained 7 hp, and now have 24/41 hp.
Your mp is fully restored (5).
e - 30 stones {throwing} (gained 5)
Things that are here:
a +0 dagger {short}; a kobold corpse
Things that are here:
a +0 scythe {polearm}; a +0 robe; the human corpse of Sigmund 😮 HP[+1] Key pressed, stopping explore.
Key pressed, stopping explore.
You now have 100 gold pieces (gained 3).
A giant cockroach comes into view. 😎 HP[+16]
Your hp is fully restored (41).
A giant cockroach is nearby!
A giant cockroach is nearby!
A giant cockroach is nearby!
The giant cockroach barely misses you. The giant cockroach bites you. 😕 HP[-1]
You take 1 damage, and now have 40/41 hp.
You barely miss the giant cockroach. Your punch misses the giant cockroach.
The giant cockroach closely misses you.
You hit the giant cockroach but do no damage.
The giant cockroach barely misses you.
You hit the giant cockroach but do no damage.
The giant cockroach closely misses you.
You hit the giant cockroach but do no damage.
The giant cockroach bites you. 😕 HP[-1]
You take 1 damage, and now have 39/41 hp.
You hit the giant cockroach but do no damage.
The giant cockroach barely misses you. x2
You hit the giant cockroach. The giant cockroach bites you. 😕 HP[-1]
You take 1 damage, and now have 38/41 hp.
You are too injured to fight recklessly!
You are too injured to fight recklessly!
You are too injured to fight recklessly!
You are too injured to fight recklessly!
You are too injured to fight recklessly!
You are too injured to fight recklessly!
You are too injured to fight recklessly!
A giant cockroach is nearby!
A giant cockroach is nearby!
A giant cockroach is nearby!
You hit the giant cockroach but do no damage.
The giant cockroach completely misses you.
You slash the giant cockroach!
You kill the giant cockroach!
Trog accepts your kill.
l - a scroll labelled MAIKHL NAAM 😎 HP[+3]
Your hp is fully restored (41).
There is a stone staircase leading up here.
Key pressed, stopping explore.
Key pressed, stopping explore.
You see here an orange potion.
You see here a +0 flail {mace}.
Crazy Yiuf shouts!
Crazy Yiuf says, "Crazy?
Crazy!?
PORCUPINE!"
No reachable target in view!
You open the door.
Crazy Yiuf grits, "Cake cower bush!"
You closely miss Crazy Yiuf.
Crazy Yiuf hits you with a +2 quarterstaff of chaos! 😕 HP[-8]
You take 8 damage, and now have 33/41 hp.
You hit Crazy Yiuf but do no damage.
Crazy Yiuf hits you with a +2 quarterstaff of chaos.
Crazy Yiuf burns you. 😮 HP[-9]
You take 9 damage, and now have 24/41 hp.
MASSIVE DAMAGE!! (PAUSE)
You barely miss Crazy Yiuf.
Crazy Yiuf hits you with a +2 quarterstaff of chaos!
* * * LOW HITPOINT WARNING * * *
😨 HP[-7]
You take 7 damage, and now have 17/41 hp.
You barely miss Crazy Yiuf.
Crazy Yiuf hits you with a +2 quarterstaff of chaos!
* * * LOW HITPOINT WARNING * * *
Crazy Yiuf burns you.
* * * LOW HITPOINT WARNING * * *
😱 HP[-12]
You take 12 damage, and now have 5/41 hp.
MASSIVE DAMAGE!! (PAUSE)
Your skin crawls.
You feel strong-willed.
Crazy Yiuf hits you with a +2 quarterstaff of chaos!
You die...

Skill      XL: |  1  2  3 |
---------------+----------+-----
Axes           | 3 5 |  5.2
Fighting       | |  3.0
Armour         | |  1.5
Dodging        | |  1.5

Action                   |  1- 3 |  4- 6 || total
-------------------------+-------+-------++-------
Melee: Hand axe          |    69 |    12 ||    81
Invok: Trog's Hand       |       |     1 ||     1
Evoke: Wand              |     2 |       ||     2
 Stab: Sleeping          |     3 |       ||     3
Armor: Animal skin       |    13 |       ||    13
Dodge: Dodged            |    49 |     7 ||    56

Levels and vault maps discovered:
D:1:      onia_arrival_zoo_common, layout_basic,
          hellmonk_ecumenical_altar_watching_god
D:2:      layout_rooms, uniq_crazy_yiuf_cottage, uniq_sigmund

Notes
Turn   | Place    | Note
-------+----------+-------------------------------------------
     0 | D:1      | spaghetti the Mummy Berserker began the quest for the Orb.
     0 | D:1      | Reached XP level 1. HP: 18/18 MP: 1/1
     0 | D:1      | magus.rc [v1.9.6]
     6 | D:1      | Noticed a komodo dragon
     6 | D:1      | Noticed a black bear
     6 | D:1      | Noticed a seven-headed hydra
     7 | D:1      | Noticed a scorpion
   144 | D:1      | Reached XP level 2. HP: 22/24 MP: 2/2
   196 | D:1      | Noticed an eye of devastation
   200 | D:1      | Reached skill level 3 in Axes
   201 | D:1      | Found a faded altar of an unknown god.
   215 | D:1      | Noticed a floating eye
   215 | D:1      | Noticed a great orb of eyes
   215 | D:1      | Noticed a golden eye
   985 | D:2      | You pick up a book of Air {forbidden} and begin reading...
   985 | D:2      | You add the spells Shock, Swiftness and Airstrike to your
                  | library.
  1145 | D:2      | Gained mutation: You are in touch with the powers of death.
                  | [Mummy growth]
  1145 | D:2      | Reached XP level 3. HP: 29/29 MP: 3/3
  1240 | D:2      | Reached ** piety under Trog
  1400 | D:2      | Found a runed translucent door.
  1401 | D:2      | Noticed Crazy Yiuf
  1460 | D:2      | Noticed Sigmund
  1468 | D:2      | Killed Sigmund
  1469 | D:2      | Reached skill level 5 in Axes
  1469 | D:2      | Reached XP level 4. HP: 21/35 MP: 4/4
  1469 | D:2      | Reached XP level 5. HP: 24/41 MP: 5/5
  1771 | D:2      | HP: 9/41 [Crazy Yiuf/+2 quarterstaff of chaos (9)]
  1772 | D:2      | Slain by Crazy Yiuf

Vanquished Creatures
  Sigmund (D:2)
  2 adders (D:2)
  A worm (D:2)
  2 ball pythons (D:1)
  3 bats
  An endoplasm (D:2)
  A giant cockroach (D:2)
  2 goblins
  A hobgoblin (D:2)
  6 jackals (D:1)
  4 kobolds
  2 rats (D:2)
26 creatures vanquished.

Table legend:
 A = Non-vault XP
 B = Vault XP
 C = Vault XP percentage of total XP
 D = Non-vault monster count
 E = Vault monster count
 F = Vault count percentage of total count
                 A         B        C        D         E       F
            +---------+---------+-------+---------+---------+-------
      Total |      69 |     223 |  76.4 |      25 |       1 |   3.8
            +---------+---------+-------+---------+---------+-------
        D:1 |      26 |       0 |   0.0 |      14 |       0 |   0.0
        D:2 |      43 |     223 |  83.8 |      11 |       1 |   8.3
            +---------+---------+-------+---------+---------+-------

Illustrated notes

Table legend:
 A = Kills in this place as a percentage of kills in entire the game.
 B = Kills by you in this place as a percentage of kills by you in the entire game.
 C = Kills by friends in this place as a percentage of kills by friends in the entire game.
 D = Other kills in this place as a percentage of other kills in the entire game.
 E = Experience gained in this place as a percentage of experience gained in the entire game.
 F = Experience gained in this place divided by the number of levels of this place that you have seen.
                   A       B       C       D       E      F
               +-------+-------+-------+-------+-------+----------------------
         Total | 100.0 | 100.0 |   N/A |   N/A | 100.0 | 146.0
       Dungeon | 100.0 | 100.0 |   N/A |   N/A | 100.0 | 146.0
               +-------+-------+-------+-------+-------+----------------------

Table legend: (Time is in decaauts)
 A = Elapsed time spent in this place.
 B = Non-inter-level travel time spent in this place.
 C = Inter-level travel time spent in this place.
 D = Time resting spent in this place.
 E = Time spent auto-exploring this place.
 F = Levels seen in this place.
 G = Mean time per level.
                   A        B        C        D        E       F      G
               +--------+--------+--------+--------+--------+-----+--------+
         Total |   1781 |   1728 |     53 |      0 |   1528 |   2 |  890.5 |
       Dungeon |   1781 |   1728 |     53 |      0 |   1528 |   2 |  890.5 |
               +--------+--------+--------+--------+--------+-----+--------+

Top non-repeatable levels by time:
     D:1: 986 daAuts
     D:2: 795 daAuts
